 Dungeon Crawl Stone Soup version 0.26.1-2-gb8aa6d0cf2 (webtiles) character file.

Game seed: 9015854711261931804

9 Amaterasu the Chiller (level 2, 1/17 HPs)
             Began as an Octopode Ice Elementalist on Feb 28, 2021.
             Quit the game on level 1 of the Dungeon.
             The game lasted 00:00:32 (223 turns).

Amaterasu the Chiller (Octopode Ice Elementalist)    Turns: 223, Time: 00:00:32

Health: 1/17       AC:  1    Str:  7    XL:     2   Next: 12%
Magic:  5/5        EV: 13    Int: 17    God:
Gold:   11         SH:  0    Dex: 12    Spells: 4/5 levels left

rFire    . . .     SeeInvis .   (no weapon)
rCold    . . .     Faith    .   (no shield)
rNeg     . . .     Spirit   .   (helmet restricted)
rPois    .         Reflect  .   (no amulet)
rElec    .         Harm     .   (no ring)
rCorr    .         Rampage  .   (no ring)
Will     .....                  (no ring)
Stlth    +++.......             (no ring)
HPRegen  0.05/turn              (no ring)
MPRegen  0.09/turn              (no ring)
                                (no ring)
                                (no ring)

@: no status effects
A: almost no armour, stealthy swim, amphibious, 8 rings, constrict 8, camouflage
1, gelatinous body 1
a: no special abilities


You were on level 1 of the Dungeon.
You visited 1 branch of the dungeon, and saw 1 of its levels.

You collected 11 gold pieces.

Inventory:

Scrolls
 b - a scroll of immolation {unknown}
 c - a scroll of remove curse {unknown}
Potions
 a - 4 potions of curing {unknown}
 d - a potion of brilliance {unknown}


   Skills:
 * Level 0.2 Fighting
 - Level 2.0 Dodging
 - Level 2.6 Stealth
 * Level 2.0 Spellcasting
 * Level 4.4 Ice Magic


You had 4 spell levels left.
You knew the following spells:

 Your Spells              Type           Power        Failure   Level
a - Freeze                Ice            64%          3%          1

Your spell library contained the following spells:

 Spells                   Type           Power        Failure   Level
 Frozen Ramparts          Ice            32%          10%         3
 Ozocubu's Armour         Ice            16%          10%         3
 Hailstorm                Conj/Ice       9%           61%         4
 Summon Ice Beast         Ice/Summ       9%           61%         4


Dungeon Overview and Level Annotations

Branches:
Dungeon (1/15)

Altars:


Innate Abilities, Weirdness & Mutations

You cannot wear most types of armour.
You are very stealthy in the water. (Stealth+)
You are amphibious.
You can wear up to eight rings at the same time.
You can use your tentacles to constrict eight enemies at once.
Your skin changes colour to match your surroundings (Stealth+).
Your rubbery body absorbs attacks. (AC +1, EV +1)


Message History

You tentacle-slap the giant cockroach but do no damage.
You grab the giant cockroach. You squeeze the giant cockroach.
You kill the giant cockroach!
You have reached level 2!
You barely miss the kobold. You grab the kobold.
You constrict the kobold, but do no damage.
The kobold hits you with a +0 whip.
You tentacle-slap the kobold but do no damage.
You constrict the kobold. The kobold hits you with a +0 whip.
* * * LOW HITPOINT WARNING * * *
You tentacle-slap the kobold but do no damage.
You squeeze the kobold.
You kill the kobold!
A frilled lizard and a hobgoblin come into view.
The hobgoblin moves out of view.
Found 21 arrows.
Things that are here:
a +0 whip; a kobold corpse
Found 18 gold pieces.
Are you sure you want to abandon this character and quit the game? (Confirm with "yes".)

# #..#.......####..#
..........
#.####............
#......†.........####l
#.............K##$..(#
#...##........#.......
#...#...(....#.#......
#.. #.#.#....#..#....
#. #.#.#...#)...#$.#
#.#.#.#.#.@...#
#.#.#..(#.....#
#.##..#....#(.#
..##...#..#....#
####...#.#......
##...#...(... #...
##....# ## . ####.


You could see a frilled lizard (wandering).

Vanquished Creatures
  3 bats (D:1)
  2 giant cockroaches (D:1)
  A hobgoblin (D:1)
  A kobold (D:1)
  A ball python (D:1)
8 creatures vanquished.

Notes
Turn   | Place    | Note
-------+----------+-------------------------------------------
     0 | D:1      | Amaterasu the Octopode Ice Elementalist began the quest for
                  | the Orb.
     0 | D:1      | Reached XP level 1. HP: 11/11 MP: 3/3
   218 | D:1      | Reached XP level 2. HP: 7/17 MP: 5/5
   223 | D:1      | Quit the game

Illustrated notes

Levels and vault maps discovered:
D:1:      minmay_arrival_five_plusses, layout_basic, minmay_circled_x

Action                   || total
-------------------------++-------
Melee: Unarmed           ||    25
       Constrict         ||     9
       Tentacles         ||     4
 Stab: Sleeping          ||     1
Armor: Skin              ||     2
Dodge: Dodged            ||    23
